 Dungeon Crawl Stone Soup version 0.27.1-1-g398f81649c (webtiles) character file.

Game seed: 7299395833931377956

117 101zpm the Covered (level 5, -3/33 HPs)
             Began as a Gargoyle Fighter on Sept 18, 2021.
             Killed by divine providence
             ... invoked by an orc priest
              (16 damage)
             ... on level 3 of the Dungeon.
             The game lasted 00:03:37 (2439 turns).

101zpm the Covered (Gargoyle Fighter)               Turns: 2439, Time: 00:03:38

Health: -3/33      AC: 11    Str: 21    XL:     5   Next: 1%
Magic:  5/5        EV:  7    Int:  8    God:
Gold:   88         SH:  9    Dex:  9    Spells: 4/4 levels left

rFire    . . .     SeeInvis .   n - +1 whip (drain)
rCold    . . .     Faith    .   c - +0 kite shield
rNeg     + . .     Spirit   .   b - +0 scale mail
rPois    ∞         Reflect  .   (no helmet)
rElec    +         Harm     .   (no cloak)
rCorr    .         Rampage  .   (no gloves)
Will     .....                  (no boots)
Stlth    ..........             (no amulet)
HPRegen  0.11/turn              (no ring)
MPRegen  0.09/turn              (no ring)

@: no status effects
A: sickness immunity, AC +4, negative energy resistance 1, electricity
resistance, torment resistance 1, petrification resistance
a: no special abilities


You were on level 3 of the Dungeon.
You visited 1 branch of the dungeon, and saw 3 of its levels.

You collected 88 gold pieces.

Inventory:

Hand Weapons
 a - a +0 flail
 m - a +0 vorpal hunting sling
 n - a +1 whip of draining (weapon)
Missiles
 f - 58 stones (quivered)
 q - 13 sling bullets
Armour
 b - a +0 scale mail (worn)
 c - a +0 kite shield (worn)
Jewellery
 l - a ring of wizardry
Scrolls
 g - 2 scrolls of teleportation {unknown}
 h - 4 scrolls of fear {unknown}
 i - a scroll of amnesia {unknown}
 k - a scroll of identify {unknown}
 p - a scroll of fog {unknown}
Potions
 d - 2 potions of might
 e - a potion of degeneration {unknown}
 j - a potion of attraction {unknown}
 o - a potion of ambrosia {unknown}


   Skills:
 + Level 3.8 Fighting
 + Level 2.9 Maces & Flails
 + Level 4.2 Armour
 + Level 0.5 Dodging
 + Level 4.1 Shields


You had 4 spell levels left.
You didn't know any spells.
Your spell library contained the following spells:

 Spells                   Type           Power      Damage    Failure   Level
 Summon Forest            Summ/Tloc      0%         N/A       100%        5
 Eringya's Noxious Bog    Tmut/Pois      0%         N/A       100%        6
 Summon Hydra             Summ           0%         N/A       100%        7


Dungeon Overview and Level Annotations

Branches:
Dungeon (3/15)

Altars:


Innate Abilities, Weirdness & Mutations

You are immune to sickness and miasma.
Your stone body is resilient. (AC +4)
You are immune to poison.
You resist negative energy. (rN+)
You are resistant to electric shocks. (rElec)
You are resistant to unholy torment.
You are immune to petrification.


Message History

You completely miss the orc priest.
The orc throws a boomerang.
You block the boomerang. The orc hits you but does no damage.
The orc priest closely misses you.
You hit the orc priest.
The orc priest is heavily wounded.
You block the orc's attack.
The orc priest hits you but does no damage.
You block the orc's attack.
You closely miss the orc priest.
The orc priest is heavily wounded.
The orc hits you with a +0 hand axe. The orc priest barely misses you.
You hit the orc priest but do no damage.
The orc priest is heavily wounded.
The orc hits you with a +0 hand axe. You block the orc priest's attack.
The orc hits you but does no damage. The orc barely misses you.
You closely miss the orc priest.
The orc priest is heavily wounded.
The orc priest mumbles some strange prayers to Beogh against you.
Pain shoots through your body! The orc hits you but does no damage.
The orc barely misses you. The orc hits you but does no damage.
You hit the orc. You drain the orc.
You kill the orc!
The orc priest looks satisfied for a moment.
The orc barely misses you.
You have reached level 5!
You whack the orc!
You kill the orc!
The orc hits you with a +0 club.
Your scale mail prevents you from hitting the orc priest.
The orc priest is moderately wounded.
The orc priest invokes the aid of Beogh against you.
Pain shoots through your body! You block the orc's attack.
You closely miss the orc priest.
The orc priest is moderately wounded.
You block the orc priest's attack. The orc hits you but does no damage.
You hit the orc priest.
The orc priest is heavily wounded.
The orc priest mumbles some strange prayers to Beogh against you.
Beogh smites you!
You die...

#.# #.. #.#
#.. #.# #..
#.# #.#
#########.#
..........#
........###
......)@#
......oo#
........#
........#
........#
........#
........#
........#


You could see an orc priest and an orc.

Vanquished Creatures
  Natasha (D:3)
  3 adders
  3 worms
  2 dart slugs
  2 orcs (D:3)
  4 endoplasms
  A giant cockroach (D:1)
  5 hobgoblins
  A quokka (D:3)
  3 ball pythons
  3 bats (D:1)
  A frilled lizard (D:2)
  7 goblins
  9 kobolds
  5 rats
50 creatures vanquished.

Vanquished Creatures (others)
  A ball python (D:2)
  A quokka (D:2)
  A plant (D:2)
3 creatures vanquished.

Grand Total: 53 creatures vanquished

Notes
Turn   | Place    | Note
-------+----------+-------------------------------------------
     0 | D:1      | 101zpm the Gargoyle Fighter began the quest for the Orb.
     0 | D:1      | Reached XP level 1. HP: 14/14 MP: 1/1
   189 | D:2      | Reached XP level 2. HP: 19/19 MP: 2/2
   254 | D:2      | Reached XP level 3. HP: 2/24 MP: 3/3
  1212 | D:1      | Found a faded altar of an unknown god.
  1213 | D:1      | Noticed a floating eye
  1219 | D:1      | Noticed a floating eye
  1222 | D:1      | Noticed a golden eye
  1222 | D:1      | Noticed a great orb of eyes
  1582 | D:1      | Reached XP level 4. HP: 29/29 MP: 4/4
  2299 | D:3      | Noticed Natasha
  2306 | D:3      | Killed Natasha
  2436 | D:3      | Reached XP level 5. HP: 19/33 MP: 5/5
  2439 | D:3      | Killed from afar by an orc priest

Illustrated notes

Levels and vault maps discovered:
D:1:      dpeg_arrival_refuge, layout_basic,
          hellmonk_ecumenical_altar_watching_god
D:2:      layout_basic, serial_bayou_pond_b, lemuel_old_faithful
D:3:      layout_basic, chequers_temple_overflow_statue_of_worship, uniq_natasha

Skill      XL: |  1  2  3  4 |
---------------+-------------+-----
Shields        | 4 |  4.1
Armour         | 4 |  4.2
Fighting       | |  3.8
Maces & Flails | |  2.9
Dodging        | |  0.5

Action                   |  1- 3 |  4- 6 || total
-------------------------+-------+-------++-------
Melee: Flail             |   120 |       ||   120
       Whip              |    14 |    69 ||    83
Armor: Scale mail        |    81 |    27 ||   108
Dodge: Dodged            |    41 |    18 ||    59
Block: Kite shield       |    65 |    26 ||    91
